 Dungeon Crawl Stone Soup version 0.21-a0-55-gb612c23 (webtiles) character file.

188 HAL9000 the Skirmisher (level 5, -2/55 HPs)
             Began as an Ogre Hunter on June 15, 2017.
             Was a Follower of Makhleb.
             Killed by divine providence
             ... invoked by an orc priest
              (11 damage)
             ... on level 3 of the Dungeon.
             The game lasted 00:08:04 (3858 turns).

HAL9000 the Skirmisher (Ogre Hunter)                Turns: 3858, Time: 00:08:05

Health: -2/55      AC:  8    Str: 17    XL:     5   Next: 67%
Magic:  5/5        EV:  9    Int: 12    God:    Makhleb [*.....]
Gold:   149        SH:  0    Dex:  9    Spells: 4/4 levels left

rFire    . . .     SeeInvis .   v - +0 mace
rCold    . . .     Gourm    +   (no shield)
rNeg     . . .     Faith    .   C - +1 robe (curse)
rPois    .         Spirit   .   (helmet restricted)
rElec    .         Reflect  .   A - +0 cloak
rCorr    .         Harm     .   (gloves unavailable)
MR       .....                  (boots unavailable)
Stlth    +.........             w - amulet of the gourmand
HPRegen  0.18/turn              p - +3 ring of protection
MPRegen  0.09/turn              (no ring)

@: heavily drained
A: unfitting armour, tough skin 1
a: Renounce Religion


You were on level 3 of the Dungeon.
You worshipped Makhleb.
Makhleb was aware of your devotion.
You were very full.

You visited 1 branch of the dungeon, and saw 3 of its levels.

You collected 149 gold pieces.

Inventory:

Hand Weapons
 v - a +0 mace (weapon)
Missiles
 c - a large rock (quivered)
 d - 2 throwing nets
Armour
 A - a +0 cloak (worn)
 C - a cursed +1 robe (worn)
Jewellery
 p - a +3 ring of protection (left hand)
 w - an amulet of the gourmand (around neck)
Scrolls
 i - 2 scrolls of remove curse {unknown}
 l - 2 scrolls of amnesia {unknown}
 q - 2 scrolls of enchant armour
 x - a scroll of teleportation {unknown}
 y - a scroll of magic mapping {unknown}
 z - a scroll of noise {unknown}
 B - a scroll of fear {unknown}
 D - a scroll of identify
Potions
 g - 3 potions of haste
 h - 3 potions of curing
 m - a potion of degeneration {unknown}
 t - 2 potions of lignification
Comestibles
 f - 2 bread rations
 j - a royal jelly
 r - a fruit
 u - a meat ration


   Skills:
 - Level 4.7(2.9) Fighting
 + Level 3.8(2.1) Maces & Flails
 - Level 4.0(2.2) Throwing
 - Level 1.7(0.1) Dodging
 - Level 0.6(0.0) Stealth


You had 4 spell levels left.
You didn't know any spells.

Dungeon Overview and Level Annotations

Branches:
Dungeon (3/15)

Altars:
Fedhas
Makhleb
Nemelex Xobeh
Okawaru
Vehumet
Wu Jian


Innate Abilities, Weirdness & Mutations

You are too large for most types of armour.
You have tough skin. (AC +1)


Message History

The orc priest misses you.
Throwing (i - inventory. (,) - cycle):
c - 3 large rocks (quivered)
Press: ? - help, Shift-Dir - straight line, f/p - orc priest
Aim: an orc priest, wielding a mace (moderately wounded)
You throw a large rock.
The large rock barely misses the orc priest.
The large rock barely misses the orc.
The orc priest calls down the wrath of Beogh upon you.
Pain shoots through your body!
* * * LOW HITPOINT WARNING * * *
Unknown command.
Throwing (i - inventory. (,) - cycle):
c - 2 large rocks (quivered)
Press: ? - help, Shift-Dir - straight line, f/p - orc priest
Aim: an orc priest, wielding a mace (moderately wounded)
You throw a large rock.
The large rock closely misses the orc priest.
The large rock closely misses the orc.
The orc priest barely misses you.
The orc priest mumbles some strange prayers to Beogh against you.
Beogh smites you!
You die...

#####.# #.....# ###
#######.#####....#
.........)o†.....# #
############.###⌠.⌠....
#.#<#.....####o...._.....
#......(..#...o...⌠.⌠....
###.....#.#..ol...o......
#######...#@#r.o...........
#.....#...#o#..........###S
#..........oS..........#
#.....#.##.##..........#
#.....#................#
#..........#....#######
#......#####.####
#......########
#..............


You could see an orc priest, an orc and a ball python.

Vanquished Creatures
  An orc wizard (D:3)
  A gnoll (D:1)
  6 adders
  3 worms
  3 dart slugs (D:1)
  A leopard gecko (D:2)
  6 orcs (D:3)
  6 giant cockroaches
  9 hobgoblins
  5 jackals
  A quokka (D:3)
  2 ball pythons
  6 bats
  5 frilled lizards
  6 goblins
  7 kobolds
  6 rats
74 creatures vanquished.

Notes
Turn   | Place    | Note
-------+----------+-------------------------------------------
     0 | D:1      | HAL9000 the Ogre Hunter began the quest for the Orb.
     0 | D:1      | Reached XP level 1. HP: 22/22 MP: 1/1
    77 | D:1      | Reached XP level 2. HP: 29/31 MP: 2/2
   648 | D:1      | Reached XP level 3. HP: 39/40 MP: 3/3
  1670 | D:1      | Reached skill level 1 in Maces & Flails
  2123 | D:2      | Reached XP level 4. HP: 45/49 MP: 4/4
  2295 | D:2      | Found a blossoming altar of Fedhas.
  2325 | D:2      | Found an iron altar of Okawaru.
  2380 | D:2      | Found a burning altar of Makhleb.
  2399 | D:2      | Became a worshipper of Makhleb the Destroyer
  2446 | D:2      | Found an ornate altar of the Wu Jian Council.
  3299 | D:3      | Reached XP level 5. HP: 47/55 MP: 5/5
  3327 | D:3      | Found a radiant altar of Vehumet.
  3817 | D:3      | Found a sparkling altar of Nemelex Xobeh.
  3842 | D:3      | Reached * piety under Makhleb
  3858 | D:3      | Killed from afar by an orc priest

Vault maps used:
D:1:      mrwooster_arrival_arrow, grunt_decor_cap, minmay_pentomino_o4
D:2:      lemuel_crystal_altar, fedhas_altar_1, okawaru_ov_weapons_minmay,
          bloody_makhleb
D:3:      lemuel_round_altar, minitemple, nemelex_xobeh_ov_fountains_minmay

Skill      XL: |  1  2  3  4  5 |
---------------+----------------+-----
Fighting       | 3 4 |  4.7
Maces & Flails | 1 2 3 |  3.8
Throwing       | |  4.0
Dodging        | |  1.7
Stealth        | |  0.6

Action                   |  1- 3 |  4- 6 || total
-------------------------+-------+-------++-------
Melee: Short sword       |   190 |       ||   190
       Mace              |    17 |   171 ||   188
Throw: Large rock        |     3 |     4 ||     7
  Use: Scroll            |       |     4 ||     4
  Eat: Chunk             |     4 |    20 ||    24
Armor: Robe              |   100 |    90 ||   190
Dodge: Dodged            |   150 |   110 ||   260
